 Dungeon Crawl Stone Soup version 0.31-a0-846-gb3bcc0d938 (webtiles) character file.

Game seed: 2670415087631732816

79 LeprechaunX the Changeling (level 4, -2/29 HPs)
             Began as an Octopode Shapeshifter on Oct 3, 2023.
             Frozen to death by an endoplasm (5 damage)
             ... on level 2 of the Dungeon.
             The game lasted 00:00:59 (1241 turns).

LeprechaunX the Changeling (Octopode Shapeshifter)  Turns: 1241, Time: 00:01:00

Health: -2/29      AC:  1    Str: 15    XL:     4   Next: 37%
Magic:  4/4        EV: 13    Int: 12    God:
Gold:   54         SH:  0    Dex: 11    Spells: 3/3 levels left

rFire   . .          .
                       - Unarmed
rCold   . . .        (no shield)
rNeg    . . .        (helmet currently unavailable)
rPois   .            (no amulet)
rElec   .            (no ring)
rCorr   .            (no ring)
SInv    .            (no ring)
Will    .....        (no ring)
Stlth   ++           (no ring)
HPRegen 0.24/turn    (no ring)
MPRegen 0.09/turn    (no ring)
                     (no ring)

%: no passive effects
@: lethally poisoned (-2 -> -5), beast-form
A: beast (slay +2), almost no armour, amphibious, 8 rings, camouflage 1,
gelatinous body 1, (nimble swimmer 1), tentacles
a: Begin Untransformation


You were on level 2 of the Dungeon.
You were a hulking beast.
You visited 1 branch of the dungeon, and saw 2 of its levels.

You collected 54 gold pieces.

Inventory:

Talismans
 b - a beast talisman (active)
 c - a flux talisman
Scrolls
 d - a scroll of teleportation {unknown}
 e - a scroll of noise {unknown}
 g - a scroll of fear {unknown}
Potions
 a - a potion of lignification
 f - a potion of might {unknown}


   Skills:
 + Level 1.9 Fighting
 + Level 2.6 Dodging
 + Level 3.4 Unarmed Combat
 * Level 3.8 Shapeshifting


You had 3 spell levels left.
You didn't know any spells.
Your spell library contained the following spells:

 Spells                   Type           Power      Damage    Failure   Level
 Magic Dart               Conj           0%         1d3       32%         1
 Call Imp                 Summ           0%         N/A       45%         2
 Mephitic Cloud           Conj/Pois/Air  0%         N/A       69%         3


Dungeon Overview and Level Annotations

Branches:
Dungeon (2/15)

Altars:


Innate Abilities, Weirdness & Mutations

You are a hulking beast.
Your limbs bulge with bestial killing power. (Slay +2)
You cannot wear most types of armour.
You are amphibious.
You can wear up to eight rings at the same time.
Your skin changes colour to match your surroundings (Stealth+).
Your rubbery body absorbs attacks. (AC +1, EV +1)
((You are camouflaged when in or above water. (Stealth+)))
You have tentacles for arms and can constrict up to eight enemies at once.


Message History

The adder closely misses you.
You barely miss the adder. You grab the adder. You constrict the adder.
The adder bites you.
You are poisoned.
The adder poisons you! The adder barely misses you.
You tentacle-slap the adder. You squeeze the adder.
The adder is almost dead.
You constrict the adder.
You feel sick. The adder bites you.
You are more poisoned.
The adder poisons you!
You barely miss the adder. You squeeze the adder.
You kill the adder!
You feel sick. The adder barely misses you.
You barely miss the adder. You grab the adder. You tentacle-slap the adder.
You squeeze the adder.
The adder is moderately wounded.
You constrict the adder.
You feel sick. The adder bites you.
You tentacle-slap the adder but do no damage.
The adder is heavily wounded.
You constrict the adder.
You feel sick. The adder bites you.
You are more poisoned.
The adder poisons you!
You tentacle-slap the adder.
You kill the adder!
You feel sick.
The rat twitches its whiskers.
You miss the frilled lizard. You grab the frilled lizard.
You constrict the frilled lizard.
You kill the frilled lizard!
You feel sick. The endoplasm hits you.
You closely miss the rat. Your grab misses the rat.
You feel sick. The rat barely misses you. The endoplasm hits you.
* * * LOW HITPOINT WARNING * * *
You tentacle-slap the rat.
You kill the rat!
* * * LOW HITPOINT WARNING * * *
You feel sick. The endoplasm freezes you.
You are frozen.
You die...

## . ### . . ..# #.
#. #.# .##.#
#.####.#
..............###
#.#.##.###.##J..#
?......!..†h.#.# .#
#.#.##.#.##.#.#
..$#........##.#.##
###
#S...).#.#.......#
#.########
.#.#.!....#.##....#
#.....(...
...S....#...##....#
#.########
.#[##.#.#.#.##....#
#.## ..
.[..#.......# #..#
## ##.#.#.##....#
##.###


You could see an endoplasm.

Vanquished Creatures
  5 adders (D:2)
  A dart slug (D:2)
  3 endoplasms
  3 giant cockroaches
  A goblin (D:1)
  4 hobgoblins
  2 jackals (D:2)
  A quokka (D:2)
  A ball python (D:1)
  A bat (D:1)
  7 frilled lizards
  A kobold (D:2)
  6 rats
36 creatures vanquished.

Notes
Turn   | Place    | Note
-------+----------+-------------------------------------------
     0 | D:1      | LeprechaunX the Octopode Shapeshifter began the quest for
                  | the Orb.
     0 | D:1      | Reached XP level 1. HP: 13/13 MP: 1/1
   207 | D:1      | Reached XP level 2. HP: 18/18 MP: 2/2
   889 | D:2      | Reached XP level 3. HP: 19/23 MP: 3/3
  1223 | D:2      | Reached XP level 4. HP: 29/29 MP: 4/4
  1241 | D:2      | Frozen to death by an endoplasm

Illustrated notes

Levels and vault maps discovered:
D:1:      roderic_crossed_star, layout_basic
D:2:      layout_rooms, basic_altar, minmay_diced_spiral, uniq_natasha

Action                     |  1- 3 |  4- 6 || total
---------------------------+-------+-------++-------
  Melee: Unarmed           |    63 |    11 ||    74
         Constrict         |     9 |     4 ||    13
         Tentacles         |     5 |     3 ||     8
         Punch             |     3 |     1 ||     4
   Stab: Sleeping          |     9 |       ||     9
 Armour: Skin              |    20 |     9 ||    29
  Dodge: Dodged            |    31 |     7 ||    38

Table legend: (Time is in decaauts)
 A = Elapsed time spent in this place.
 B = Non-inter-level travel time spent in this place.
 C = Inter-level travel time spent in this place.
 D = Time resting spent in this place.
 E = Time spent auto-exploring this place.
 F = Levels seen in this place.
 G = Mean time per level.
                   A        B        C        D        E       F      G
               +--------+--------+--------+--------+--------+-----+--------+
         Total |   1235 |   1194 |     41 |     86 |    905 |   2 |  617.5 |
       Dungeon |   1235 |   1194 |     41 |     86 |    905 |   2 |  617.5 |
               +--------+--------+--------+--------+--------+-----+--------+

Top non-repeatable levels by time:
     D:1: 878 daAuts
     D:2: 357 daAuts
